AoeStats
← Smiley

Arena

510585739Analyzed
2v2 RM · 23h ago on Oct 1, 2026· 37m 27s· 4 players
Game mode
Random Map
Map size
Medium (4 player)
Population
200
Speed
Normal
Resources
Standard
Victory
Conquest
Starting age
Dark Age
Ending age
Imperial Age
RankedLock teamsTeams togetherTeam positionsShared explorationLock speedFull tech treeHidden civsTurbo modeCheats
Victory
Defeat
🇫🇷 Varangians · France
1966
+6
🇨🇭 Cumans · Switzerland
1594
+19
🇪🇸 Cumans · Spain
1706
-13
🇪🇸 Armenians · Spain
1699
-12
Aleixofempires
7:11 Loom
9:31 Feudal Age
10:20 Double-Bit Axe
24:52 Castle Age
24:54 Capped Ram
25:29 Horse Collar
26:02 Bow Saw
26:42 Wheelbarrow
26:34 Heavy Plow
27:16 Gold Mining
32:19 Imperial Age
31:32 Fletching
32:09 Bodkin Arrow
32:01 Elite Skirmisher
32:43 Padded Archer Armor
34:10 Chemistry
34:12 Leather Archer Armor
34:20 Ballistics
Creisi48
6:07 Loom
9:27 Feudal Age
9:42 Man-at-Arms
10:10 Double-Bit Axe
10:43 Long Swordsman
11:57 Scale Mail Armor
16:36 Wheelbarrow
23:55 Castle Age
23:40 Gold Mining
24:41 Squires
24:04 Two-Handed Swordsman
25:11 Bow Saw
26:25 Redemption
27:13 Chain Mail Armor
28:32 Sanctity
31:55 Hand Cart
37:47 Imperial Age
36:32 Town Watch
TAG_Sitaux
9:36 Feudal Age
13:14 Castle Age
11:29 Double-Bit Axe
19:40 Horse Collar
20:47 Heavy Plow
28:36 Fortified Wall
29:12 Loom
30:05 Wheelbarrow
29:36 Devotion
31:04 Town Watch
35:55 Imperial Age
34:41 Bow Saw
35:22 Forging
35:23 Masonry
36:41 Heavy Plow
37:41 Two-Man Saw
37:02 Hand Cart
Smiley
8:59 Feudal Age
10:14 Double-Bit Axe
10:09 Horse Collar
14:40 Loom
15:52 Wheelbarrow
15:56 Loom
18:18 Gold Mining
23:10 Castle Age
21:24 Fletching
21:35 Padded Archer Armor
24:40 Bow Saw
24:27 Bodkin Arrow
24:59 Leather Archer Armor
25:08 Bloodlines
25:36 Heated Shot
26:09 Ballistics
26:49 Scale Barding Armor
29:17 Imperial Age
27:23 Thumb Ring
29:11 Town Watch
29:42 Hand Cart
30:54 Conscription
31:41 Chemistry
31:25 Elite Kipchak
32:35 Chain Barding Armor
32:08 Elite Kipchak
34:34 Ring Archer Armor
Connection lost

Rejoining the realm…

Still unreachable

The connection could not be restored.

Session expired

The server has moved on; the page needs a fresh start.